 Dungeon Crawl Stone Soup version 0.21.0-3-g78d12a8 (webtiles) character file.

12880 eeldvark the Nimble (level 12, -4/96 HPs)
             Began as a Gnoll Monk on Jan 15, 2018.
             Was a Believer of Wu Jian.
             Slain by a skeletal warrior
             ... wielding a +2 great sword of flaming
              (24 damage)
             ... in a volcano on Jan 17, 2018.
             The game lasted 01:06:35 (13685 turns).

eeldvark the Nimble (Gnoll Monk)                   Turns: 13685, Time: 01:06:35

Health: -4/96      AC: 12    Str: 18    XL:     12   Next: 0%
Magic:  17/22      EV: 20    Int: 13    God:    Wu Jian [**....]
Gold:   637        SH:  0    Dex: 21    Spells: 15/24 levels left

rFire    . . .     SeeInvis .   n - +1 falchion (holy)
rCold    . . .     Gourm    .   (no shield)
rNeg     + . .     Faith    .   e - +1 leather armour
rPois    .         Spirit   .   k - +0 helmet
rElec    .         Reflect  .   s - +0 cloak
rCorr    .         Harm     +   h - +2 pair of gloves
MR       .....                  z - +0 pair of boots
Stlth    ++++......             N - amulet of harm
HPRegen  0.26/turn              l - ring of positive energy
MPRegen  0.18/turn              B - +3 ring of strength

@: very slightly contaminated
A: distributed training, fangs 1, strong nose
a: Wall Jump, Renounce Religion


You were in a volcano.
You worshipped Wu Jian.
Wu Jian was pleased with you.
You were not hungry.

You visited 3 branches of the dungeon, and saw 13 of its levels.
You also visited: Volcano.

You collected 637 gold pieces.

Inventory:

Hand Weapons
 a - a +4 flail of crushing
 b - a +0 war axe
 n - a +1 falchion of holy wrath (weapon)
 o - a -1 battleaxe
 C - a +0 great sword of holy wrath
 D - a +1 scythe of flaming
 L - a +0 hand axe
 M - a +0 war axe
 O - a +1 scimitar of flaming
Missiles
 m - 6 javelins (quivered)
Armour
 e - a +1 leather armour (worn)
 h - a +2 pair of gloves (worn)
 k - a +0 helmet (worn)
 s - a +0 cloak (worn)
 z - a +0 pair of boots (worn)
 E - the +7 Kryia's mail coat {PotionHeal*2 rC+}
   (You found it on level 9 of the Dungeon)

   It protects you from cold.
 J - a +1 scale mail of poison resistance
 P - a +0 robe of magic resistance
Jewellery
 l - a ring of positive energy (left hand)
 B - a +3 ring of strength (right hand)
 N - an amulet of harm (around neck)
Wands
 i - a wand of scattershot (4)
 p - a wand of digging (19)
 y - a wand of disintegration (16)
 H - a wand of acid (11)
 K - a wand of flame (17)
Scrolls
 d - 2 scrolls of remove curse
 f - 4 scrolls of fog
 g - 3 scrolls of enchant armour
 r - a scroll of magic mapping
 I - a scroll of silence
Potions
 t - 4 potions of curing
 v - 2 potions of flight
 w - a potion of magic
 x - a potion of berserk rage
 A - 2 potions of brilliance
 G - 4 potions of cancellation {unknown}
Books
 j - a book of Battle

   Spells                             Type                      Level
   a - Infusion                       Charms                       1
   b - Shroud of Golubria             Charms/Translocation         2
   c - Song of Slaying                Charms                       2
   d - Spectral Weapon                Hexes/Charms                 3
   e - Regeneration                   Charms/Necromancy            3
 u - a book of Necromancy

   Spells                             Type                      Level
   a - Pain                           Necromancy                   1
   b - Animate Skeleton               Necromancy                   1
   c - Vampiric Draining              Necromancy                   3
   d - Regeneration                   Charms/Necromancy            3
   e - Animate Dead                   Necromancy                   4
   f - Borgnjor's Vile Clutch         Necromancy/Earth             5
 F - a book of Minor Magic

   Spells                             Type                      Level
   a - Magic Dart                     Conjuration                  1
   b - Blink                          Translocation                2
   c - Call Imp                       Summoning                    2
   d - Slow                           Hexes                        2
   e - Conjure Flame                  Conjuration/Fire             3
   f - Mephitic Cloud                 Conjuration/Poison/Air       3
Miscellaneous
 q - a lightning rod (4/4)
Comestibles
 c - 8 rations


   Skills:
 + Level 9.4 Fighting
 + Level 6.7 Short Blades
 + Level 6.7 Long Blades
 + Level 9.4 Axes
 + Level 6.7 Maces & Flails
 + Level 6.7 Polearms
 + Level 6.7 Staves
 + Level 6.7 Slings
 + Level 6.7 Bows
 + Level 6.7 Crossbows
 + Level 6.7 Throwing
 + Level 6.7 Armour
 + Level 9.4 Dodging
 + Level 8.0 Stealth
 + Level 6.7 Shields
 + Level 6.7 Unarmed Combat
 + Level 6.7 Spellcasting
 + Level 5.5 Conjurations
 + Level 5.5 Hexes
 + Level 5.5 Charms
 + Level 5.5 Summonings
 + Level 5.5 Necromancy
 + Level 5.5 Translocations
 + Level 5.5 Transmutations
 + Level 5.5 Fire Magic
 + Level 5.5 Ice Magic
 + Level 5.5 Air Magic
 + Level 5.5 Earth Magic
 + Level 5.5 Poison Magic
 + Level 7.3 Invocations
 + Level 6.7 Evocations


You had 15 spell levels left.
You knew the following spells:

 Your Spells              Type           Power        Failure   Level  Hunger
a - Regeneration          Chrm/Necr      ###.......   5%          3    ###....
b - Shroud of Golubria    Chrm/Tloc      ###.......   2%          2    #......
c - Blink                 Tloc           N/A          2%          2    #......
d - Song of Slaying       Chrm           ###.....     2%          2    #......


Dungeon Overview and Level Annotations

Branches:
Dungeon (9/15)             Temple (1/1) D:6            Lair (3/6) D:9
    Orc (0/2) D:9
  Swamp: Lair:2-4    Shoals: Lair:2-4     Snake: Lair:2-4    Spider: Lair:2-4

Altars:
Ashenzari
Cheibriados
Dithmenos
Elyvilon
Fedhas
Gozag
Hepliaklqana
Kikubaaqudgha
Makhleb
Nemelex Xobeh
Okawaru
Qazlal
Sif Muna
Trog
Uskayaw
Vehumet
Wu Jian
Xom
Yredelemnul
Zin


Innate Abilities, Weirdness & Mutations

Your experience applies equally to all skills.
You have very sharp teeth.
Your uncanny sense of smell can sniff out nearby items.


Message History

The skeletal warrior is heavily damaged.
You hit the skeletal warrior but do no damage.
The skeletal warrior is heavily damaged.
The skeletal warrior hits you with a great sword of flaming.
The skeletal warrior burns you.
You hit the skeletal warrior but do no damage.
You bite the skeletal warrior, but do no damage.
The skeletal warrior is heavily damaged.
The skeletal warrior hits you with a great sword of flaming!!
* * * LOW HITPOINT WARNING * * *
The skeletal warrior burns you!
* * * LOW HITPOINT WARNING * * *
Okay, then.
Okay, then.
Okay, then.
Casting: Shroud of Golubria
Confirm with . or Enter, or press ? or * to list all spells.
You renew your shroud.
The skeletal warrior hits you with a great sword of flaming!!
You die...

..### #...## .....####
§.......## # ...§.....###
.## ≈§≈§§..§...##### ...
§≈§≈≈≈≈§§§.....## ..
≈≈≈≈≈§§§§≈≈...≈.###9#..#.
≈§§≈≈≈≈§≈§≈≈....@z'Z.....
≈≈§§≈≈≈≈≈≈....§.###9#..#.
≈≈§§§≈≈≈≈≈§....## ..
§≈≈≈§§≈≈§§≈≈### ...
§≈§§≈§§≈§## #.# §§§§§≈##
# §≈#


You could see a skeletal warrior, 2 gargoyles and an alligator skeleton.

Vanquished Creatures
  A hydra (Lair:2)
  Erica (Lair:2)
  A two-headed ogre (D:9)
  Pikel (D:6)
  2 spiny frogs (Lair:1)
  3 komodo dragons
  A hornet (D:9)
  4 dream sheep (Lair:1)
  2 hippogriffs (Lair:1)
  A harpy skeleton (Volcano)
  A flying skull (Volcano)
  Sigmund (D:6)
  A yak (Lair:1)
  3 fire bats (Lair:3)
  10 water moccasins
  3 porcupines
  6 orc warriors
  3 ice beasts
  A necrophage (D:9)
  6 ogres
  10 wolves
  2 centaurs
  4 crocodiles
  2 big kobolds
  12 bullfrogs
  3 scorpions
  2 jellies
  2 howler monkeys
  6 crimson imps
  A bullfrog zombie (D:6)
  A quasit (D:8)
  8 orc priests
  Crazy Yiuf (D:2)
  2 bullfrog skeletons
  Terence (D:2)
  An iguana (D:7)
  5 worker ants
  12 orc wizards
  A killer bee zombie (D:7)
  A hound zombie (D:8)
  2 hound skeletons
  A worker ant zombie (D:6)
  7 gnolls
  7 adders
  2 river rats (Lair:2)
  2 shadow imps
  An ooze (D:3)
  3 worms
  3 dart slugs
  4 leopard geckos
  59 orcs
  5 bats
  A giant cockroach (D:2)
  14 goblins
  9 hobgoblins
  19 jackals
  9 quokkas
  6 frilled lizards
  19 kobolds
  8 rats
  A spectral orc (D:3)
311 creatures vanquished.

Vanquished Creatures (others)
  A slave (D:6)
  2 orcs (D:6)
  A jackal skeleton (D:6)
  2 fungi
  A plant (Lair:2)
7 creatures vanquished.

Grand Total: 318 creatures vanquished

Notes
Turn   | Place    | Note
-------+----------+-------------------------------------------
     0 | D:1      | eeldvark the Gnoll Monk began the quest for the Orb.
     0 | D:1      | Reached XP level 1. HP: 23/23 MP: 1/1
    82 | D:1      | Reached XP level 2. HP: 8/29 MP: 2/2
   429 | D:1      | Found a shattered altar of Ashenzari.
   597 | D:1      | Reached XP level 3. HP: 35/35 MP: 3/3
   766 | D:2      | Found a hide-covered altar of Uskayaw.
   815 | D:2      | Reached skill level 1 in Invocations
  1062 | D:2      | Found a radiant altar of Vehumet.
  1109 | D:2      | Reached skill level 1 in Short Blades
  1109 | D:2      | Reached skill level 1 in Long Blades
  1109 | D:2      | Reached skill level 1 in Maces & Flails
  1109 | D:2      | Reached skill level 1 in Polearms
  1109 | D:2      | Reached skill level 1 in Staves
  1109 | D:2      | Reached skill level 1 in Slings
  1109 | D:2      | Reached skill level 1 in Bows
  1109 | D:2      | Reached skill level 1 in Crossbows
  1109 | D:2      | Reached skill level 1 in Throwing
  1109 | D:2      | Reached skill level 1 in Armour
  1109 | D:2      | Reached skill level 1 in Shields
  1109 | D:2      | Reached skill level 1 in Unarmed Combat
  1109 | D:2      | Reached skill level 1 in Spellcasting
  1109 | D:2      | Reached skill level 1 in Evocations
  1112 | D:2      | Reached XP level 4. HP: 41/41 MP: 5/5
  1240 | D:2      | Noticed Terence
  1260 | D:2      | Killed Terence
  1379 | D:2      | Found a runed door.
  1384 | D:2      | Noticed Crazy Yiuf
  1397 | D:2      | Killed Crazy Yiuf
  1397 | D:2      | Reached skill level 1 in Conjurations
  1397 | D:2      | Reached skill level 1 in Hexes
  1397 | D:2      | Reached skill level 1 in Charms
  1397 | D:2      | Reached skill level 1 in Summonings
  1397 | D:2      | Reached skill level 1 in Necromancy
  1397 | D:2      | Reached skill level 1 in Translocations
  1397 | D:2      | Reached skill level 1 in Transmutations
  1397 | D:2      | Reached skill level 1 in Fire Magic
  1397 | D:2      | Reached skill level 1 in Ice Magic
  1397 | D:2      | Reached skill level 1 in Air Magic
  1397 | D:2      | Reached skill level 1 in Earth Magic
  1397 | D:2      | Reached skill level 1 in Poison Magic
  1397 | D:2      | Reached XP level 5. HP: 9/47 MP: 6/6
  2130 | D:3      | Reached XP level 6. HP: 38/53 MP: 8/8
  2282 | D:3      | Found a sparkling altar of Nemelex Xobeh.
  2615 | D:3      | Found a basalt altar of Yredelemnul.
  2823 | D:4      | Noticed an orc warrior
  2835 | D:4      | Killed an orc warrior
  2835 | D:4      | Reached XP level 7. HP: 31/60 MP: 10/10
  3462 | D:5      | Entered Level 5 of the Dungeon
  3507 | D:5      | Found a white marble altar of Elyvilon.
  3690 | D:5      | Reached skill level 5 in Stealth
  3762 | D:5      | Reached XP level 8. HP: 26/67 MP: 10/12
  4034 | D:5      | Learned a level 3 spell: Regeneration
  4130 | D:5      | Found an opulent altar of Gozag.
  5454 | D:6      | Found a staircase to the Ecumenical Temple.
  5771 | D:6      | Noticed Sigmund
  5817 | D:6      | Noticed Pikel
  5830 | D:6      | Killed Pikel
  5830 | D:6      | Reached XP level 9. HP: 57/73 MP: 14/14
  6305 | D:6      | Killed Sigmund
  6681 | D:7      | Found a deep blue altar of Sif Muna.
  6949 | D:8      | Reached skill level 5 in Invocations
  7451 | D:8      | Reached XP level 10. HP: 80/80 MP: 17/17
  8103 | D:9      | Reached skill level 5 in Short Blades
  8103 | D:9      | Reached skill level 5 in Long Blades
  8103 | D:9      | Reached skill level 5 in Maces & Flails
  8103 | D:9      | Reached skill level 5 in Polearms
  8103 | D:9      | Reached skill level 5 in Staves
  8103 | D:9      | Reached skill level 5 in Slings
  8103 | D:9      | Reached skill level 5 in Bows
  8103 | D:9      | Reached skill level 5 in Crossbows
  8103 | D:9      | Reached skill level 5 in Throwing
  8103 | D:9      | Reached skill level 5 in Armour
  8103 | D:9      | Reached skill level 5 in Shields
  8103 | D:9      | Reached skill level 5 in Unarmed Combat
  8103 | D:9      | Reached skill level 5 in Spellcasting
  8103 | D:9      | Reached skill level 5 in Evocations
  8113 | D:9      | Learned a level 2 spell: Shroud of Golubria
  8119 | D:9      | Noticed a two-headed ogre
  8132 | D:9      | Killed a two-headed ogre
  8358 | D:9      | Found the +7 Kryia's mail coat {PotionHeal*2 rC+}
  8359 | D:9      | Found a bloodstained altar of Trog.
  8361 | D:9      | Found a shimmering altar of Xom.
  9217 | D:9      | Found a staircase to the Orcish Mines.
  9337 | Temple   | Entered the Ecumenical Temple
  9522 | Temple   | Became a worshipper of the Wu Jian Council
  9522 | Temple   | Reached * piety under Wu Jian
  9522 | Temple   | Reached ** piety under Wu Jian
  9737 | D:9      | Found a staircase to the Lair.
  9826 | Lair:1   | Entered Level 1 of the Lair of Beasts
  9893 | Lair:1   | Noticed a spiny frog
  9966 | Lair:1   | Noticed a spiny frog
 10314 | Lair:1   | Reached XP level 11. HP: 64/86 MP: 19/19
 10890 | Lair:1   | Reached skill level 5 in Conjurations
 10890 | Lair:1   | Reached skill level 5 in Hexes
 10890 | Lair:1   | Reached skill level 5 in Charms
 10890 | Lair:1   | Reached skill level 5 in Summonings
 10890 | Lair:1   | Reached skill level 5 in Necromancy
 10890 | Lair:1   | Reached skill level 5 in Translocations
 10890 | Lair:1   | Reached skill level 5 in Transmutations
 10890 | Lair:1   | Reached skill level 5 in Fire Magic
 10890 | Lair:1   | Reached skill level 5 in Ice Magic
 10890 | Lair:1   | Reached skill level 5 in Air Magic
 10890 | Lair:1   | Reached skill level 5 in Earth Magic
 10890 | Lair:1   | Reached skill level 5 in Poison Magic
 12104 | Lair:2   | Noticed a five-headed hydra
 12158 | Lair:2   | Noticed a six-headed hydra
 12169 | Lair:2   | Noticed Erica
 12189 | Lair:2   | Killed Erica
 12688 | Lair:2   | Killed a one-headed hydra
 12923 | Lair:2   | Noticed a six-headed hydra
 12930 | Lair:2   | Noticed a death yak
 12935 | Lair:2   | Noticed a death yak
 13231 | Lair:1   | Learned a level 2 spell: Blink
 13234 | Lair:1   | Learned a level 2 spell: Song of Slaying
 13384 | Lair:2   | You fall through a shaft!
 13617 | Lair:3   | Found a dark tunnel.
 13634 | Volcano  | Entered a volcano
 13668 | Volcano  | Noticed a skeletal warrior
 13675 | Volcano  | Reached XP level 12. HP: 78/96 MP: 22/22
 13685 | Volcano  | Slain by a skeletal warrior

Skill      XL: |  1  2  3  4  5  6  7  8  9 10 11 |
---------------+----------------------------------+-----
Invocations    | 1 2 3 4 5 6 7 |  7.3
Short Blades   | 1 2 3 4 5 6 |  6.7
Long Blades    | 1 2 3 4 5 6 |  6.7
Maces & Flails | 1 2 3 4 5 6 |  6.7
Polearms       | 1 2 3 4 5 6 |  6.7
Staves         | 1 2 3 4 5 6 |  6.7
Slings         | 1 2 3 4 5 6 |  6.7
Bows           | 1 2 3 4 5 6 |  6.7
Crossbows      | 1 2 3 4 5 6 |  6.7
Throwing       | 1 2 3 4 5 6 |  6.7
Armour         | 1 2 3 4 5 6 |  6.7
Shields        | 1 2 3 4 5 6 |  6.7
Unarmed Combat | 1 2 3 4 5 6 |  6.7
Spellcasting   | 1 2 3 4 5 6 |  6.7
Evocations     | 1 2 3 4 5 6 |  6.7
Conjurations   | 1 2 3 4 5 |  5.5
Hexes          | 1 2 3 4 5 |  5.5
Charms         | 1 2 3 4 5 |  5.5
Summonings     | 1 2 3 4 5 |  5.5
Necromancy     | 1 2 3 4 5 |  5.5
Translocations | 1 2 3 4 5 |  5.5
Transmutations | 1 2 3 4 5 |  5.5
Fire Magic     | 1 2 3 4 5 |  5.5
Ice Magic      | 1 2 3 4 5 |  5.5
Air Magic      | 1 2 3 4 5 |  5.5
Earth Magic    | 1 2 3 4 5 |  5.5
Poison Magic   | 1 2 3 4 5 |  5.5
Fighting       | 7 8 9 |  9.4
Axes           | 7 8 9 |  9.4
Dodging        | 7 8 9 |  9.4
Stealth        | 5 6 7 8 |  8.0

Action                   |  1- 3 |  4- 6 |  7- 9 | 10-12 || total
-------------------------+-------+-------+-------+-------++-------
Melee: Hand axe          |    81 |   171 |   117 |    93 ||   462
       Bite              |    13 |    22 |    52 |    83 ||   170
       Punch             |     1 |     3 |    10 |    21 ||    35
       Flail             |       |    30 |   215 |   297 ||   542
       Battleaxe         |       |       |    19 |       ||    19
       Falchion          |       |       |     4 |    17 ||    21
       War axe           |       |       |       |    79 ||    79
       Scimitar          |       |       |       |     9 ||     9
Throw: Javelin           |       |     3 |       |     4 ||     7
 Cast: Regeneration      |       |       |       |     4 ||     4
       Shroud of Golubri |       |       |       |    11 ||    11
       Song of Slaying   |       |       |       |     1 ||     1
Invok: Whirlwind         |       |       |       |    81 ||    81
       Lunge             |       |       |       |    21 ||    21
       Wall Jump         |       |       |       |    10 ||    10
Evoke: Wand              |       |       |       |     9 ||     9
  Use: Scroll            |     3 |     4 |     9 |    10 ||    26
       Potion            |       |     3 |     3 |     6 ||    12
 Stab: Sleeping          |     7 |     5 |    11 |     8 ||    31
       Distracted        |       |       |       |     1 ||     1
  Eat: Ration            |     1 |     1 |     5 |     6 ||    13
Armor: Robe              |     3 |       |       |       ||     3
       Leather armour    |    10 |    31 |   101 |   102 ||   244
       Scale mail        |       |       |       |    45 ||    45
Dodge: Dodged            |    81 |   178 |   469 |   533 ||  1261
       Rpst.: Falchion   |       |       |     1 |     4 ||     5
       Scimitar          |       |       |       |     5 ||     5
